 Dungeon Crawl Stone Soup version 0.22-a0-422-g9628fc8 (webtiles) character file.

75805 Ijustatesigmund the Exorcist (level 15, -2/125 HPs)
             Began as a Formicid Fighter on May 15, 2018.
             Was an Elder of the Shining One.
             Slain by Donald
             ... wielding a +3 double sword of protection
              (19 damage)
             ... on level 1 of the Orcish Mines on May 16, 2018.
             The game lasted 01:13:08 (27439 turns).

Ijustatesigmund the Exorcist (Formicid Fighter)    Turns: 27439, Time: 01:13:09

Health: -2/125     AC: 16    Str: 23    XL:     15   Next: 99%
Magic:  18/26      EV: 15    Int:  9    God:    the Shining One [****..]
Gold:   1930       SH: 31    Dex: 15    Spells: 14/14 levels left

rFire    . . .     SeeInvis +   a - +4 quarterstaff
rCold    + + .     Gourm    .   c - +2 shield
rNeg     + + .     Faith    .   A - +2 leather armour "Warha" {+Fly Slay+2}
rPois    .         Spirit   .   (helmet unavailable)
rElec    .         Reflect  +   x - +2 cloak {+Inv}
rCorr    .         Harm     .   n - +2 pair of gloves
MR       ++...                  H - +2 pair of boots {Fly}
Stlth    +.........             D - +5 amulet of reflection
HPRegen  0.30/turn              p - ring of protection from cold
MPRegen  0.20/turn              F - ring of protection from cold

@: divine shield, glowing
A: permanent stasis, dig shafts and tunnels, four strong arms, antennae 3,
hooves 1, clever 1, magic resistance 1, evolution 1
a: Dig, Shaft Self, Divine Shield, Cleansing Flame, Renounce Religion, Evoke
Invisibility, Evoke Flight


You were on level 1 of the Orcish Mines.
You worshipped the Shining One.
The Shining One was greatly pleased with you.
You were hungry.

You visited 4 branches of the dungeon, and saw 23 of its levels.
You also visited: Labyrinth and Ice Cave.

You collected 1930 gold pieces.

Inventory:

Hand Weapons
 a - a +4 quarterstaff (weapon)
 I - the +10 shortbow of Ybipo Rego {flame, rN+ Int+2 Dex+2}
   (You took it off a minotaur in a labyrinth)

   It causes projectiles fired from it to burn those they strike, causing extra
   injury to most foes and up to half again as much damage against particularly
   susceptible opponents.
   It affects your intelligence (+2).
   It affects your dexterity (+2).
   It protects you from negative energy.
Missiles
 t - 13 javelins of penetration (quivered)
 J - 60 arrows
Armour
 b - a +2 ring mail of fire resistance
 c - a +2 shield (worn)
 n - a +2 pair of gloves (worn)
 x - a +2 cloak of invisibility (worn)
 A - the +2 leather armour "Warha" (worn) {+Fly Slay+2}
   (You found it on level 12 of the Dungeon)

   It affects your accuracy and damage with ranged weapons and melee attacks
   (+2).
   It lets you fly.
 H - a +2 pair of boots of flying (worn)
Jewellery
 m - an uncursed ring of flight
 o - an uncursed ring of protection from fire
 p - a ring of protection from cold (left hand)
 D - a +5 amulet of reflection (around neck)
 E - the amulet "Vibokuv" {Acrobat rF+++ rC- rN+ MR+ Str+2}
   (You found it in an ice cave)

   [amulet of the acrobat]

   It helps you evade while moving and waiting.
   It affects your strength (+2).
   It renders you almost immune to fire.
   It makes you vulnerable to cold.
   It protects you from negative energy.
   It affects your resistance to hostile enchantments.
 F - a ring of protection from cold (right hand)
 N - an uncursed ring of protection from cold
Wands
 d - a wand of iceblast (6)
 q - a wand of acid (4)
 r - a wand of disintegration (7)
 u - a wand of polymorph (21)
 v - a wand of paralysis (20)
 y - a wand of digging (10)
 B - a wand of flame (19)
 P - a wand of enslavement (9)
Scrolls
 h - a scroll of holy word
 i - 9 scrolls of remove curse
 s - 5 scrolls of amnesia
 G - 2 scrolls of fog
 K - a scroll of fear
 M - 2 scrolls of summoning
Potions
 e - a potion of resistance
 g - 3 potions of brilliance
 j - a potion of might
 k - a potion of curing
 l - 2 potions of flight
 w - a potion of degeneration {unknown}
 z - 4 potions of agility
 C - a potion of magic
 O - 3 potions of heal wounds {unknown}
Comestibles
 f - 26 rations
 L - 3 chunks of flesh


   Skills:
 + Level 13.9 Fighting
 - Level 14.0 Staves
 + Level 6.0 Throwing
 - Level 10.5 Armour
 - Level 5.1 Dodging
 - Level 9.3 Shields
 + Level 15.3 Invocations


You had 14 spell levels left.
You didn't know any spells.
Your spell library contained the following spells:

 Spells                   Type           Power        Failure   Level  Hunger
 Fireball                 Conj/Fire      #.........   100%        5    ######.
 Conjure Flame            Conj/Fire      #.......     80%         3    ####...
 Bolt of Cold             Conj/Ice       #.........   100%        6    #######
 Lightning Bolt           Conj/Air       #.........   100%        5    ######.
 Confuse                  Hex            #.......     80%         3    ####...
 Throw Flame              Conj/Fire      #.....       56%         2    ###....
 Throw Frost              Conj/Ice       #.....       56%         2    ###....
 Freezing Cloud           Conj/Ice/Air   #.........   100%        6    #######
 Bolt of Draining         Conj/Necr      #.........   100%        5    ######.
 Freeze                   Ice            #...         41%         1    ##.....
 Ozocubu's Refrigeration  Ice            #.........   100%        6    #######
 Sticky Flame             Conj/Fire      #.......     99%         4    #####..
 Summon Ice Beast         Ice/Summ       #.......     99%         4    #####..
 Ozocubu's Armour         Chrm/Ice       #.......     80%         3    ####...
 Dispel Undead            Necr           #.......     100%        5    ######.
 Regeneration             Chrm/Necr      #.........   80%         3    ####...
 Sublimation of Blood     Necr           #.........   56%         2    ###....
 Corpse Rot               Necr           N/A          56%         2    ###....
 Shock                    Conj/Air       #...         41%         1    ##.....
 Swiftness                Chrm/Air       #.......     56%         2    ###....
 Agony                    Necr           #.......     100%        5    ######.
 Ice Form                 Ice/Tmut       #.......     99%         4    #####..
 Throw Icicle             Conj/Ice       #.......     99%         4    #####..
 Airstrike                Air            #.........   99%         4    #####..
 Confusing Touch          Hex            #.....       41%         1    ##.....
 Flame Tongue             Conj/Fire      #....        41%         1    ##.....
 Ignite Poison            Fire/Tmut/Pois #.......     80%         3    ####...
 Metabolic Englaciation   Hex/Ice        #.........   100%        5    ######.
 Shatter                  Erth           #.........   100%        9    #######
 Static Discharge         Conj/Air       #.......     80%         3    ####...
 Alistair's Intoxication  Tmut/Pois      #.......     100%        5    ######.
 Simulacrum               Ice/Necr       #.........   100%        6    #######
 Excruciating Wounds      Chrm/Necr      #.........   100%        5    ######.
 Petrify                  Tmut/Erth      #.......     99%         4    #####..
 Tornado                  Air            #.........   100%        9    #######
 Shroud of Golubria       Chrm/Tloc      #.........   56%         2    ###....
 Inner Flame              Hex/Fire       #.......     80%         3    ####...
 Infusion                 Chrm           #...         41%         1    ##.....
 Song of Slaying          Chrm           #.......     56%         2    ###....
 Spectral Weapon          Hex/Chrm       #.......     80%         3    ####...
 Irradiate                Conj/Tmut      #.........   100%        5    ######.
 Gell's Gravitas          Tloc           #.........   80%         3    ####...
 Yara's Violent Unravell  Hex/Tmut       #.........   100%        5    ######.
 Ignition                 Fire           #.........   100%        8    #######


Dungeon Overview and Level Annotations

Branches:
Dungeon (14/15)            Temple (1/1) D:4            Lair (6/6) D:9
  Swamp (0/4) Lair:2       Spider (0/4) Lair:2        Slime (0/5) Lair:5
    Orc (2/2) D:11         Vaults (0/5) D:13
    Elf: Orc:2

Altars:
Ashenzari
Cheibriados
Dithmenos
Elyvilon
Fedhas
Gozag
Hepliaklqana
Kikubaaqudgha
Makhleb
Nemelex Xobeh
Okawaru
Qazlal
Ru
Sif Muna
Trog
Uskayaw
Vehumet
Wu Jian
Xom
Yredelemnul
Zin
The Shining One
Beogh

Shops:
D:7 *

Annotations:
D:6 exclusion: oklob plant
Orc:1 Donald


Innate Abilities, Weirdness & Mutations

You cannot be hasted, slowed, berserked, paralysed or teleported.
You can dig through walls and to a lower floor.
Your four strong arms can wield two-handed weapons with a shield.
You have a pair of large antennae on your head. (SInv)
You have large cloven feet.
Your mind is acute. (Int +2)
You are resistant to hostile enchantments. (MR+)
You evolve.


Message History

An orc wizard comes into view. It is wielding a dagger.
Donald hits you with a double sword of protection!
There is a stone staircase leading up, spattered with blood here.
You are feeling hungry.
You block the orc's attack. You block Donald's attack.
The orc wizard casts a spell.
The orc wizard blinks!
You climb upwards.
There is a stone staircase leading down here.
You hit Donald but do no damage.
Donald is severely wounded.
You block the orc warrior's attack. You block the orc's attack.
Donald hits you with a double sword of protection!!
* * * LOW HITPOINT WARNING * * *
You thump Donald!
Donald is severely wounded.
You block the orc's attack.
You feel better.
Donald hits you with a double sword of protection!!
You die...

#.#...###.### #...###..#
###...##....###
###...###.. #
#...#.......##
###.....#.... #
####.........#
#.#........#. #
#.#...##...# ##...##...###
#
###...#....####...#.....#.
##.....##..###..........
#....###....#...#.#....
###.....@......#.####....
##....#.o@o.#...####....#.
#.....##....#.)..# #....##
####...#....[#))..#
##..... #####
#..##......#.)...## #.....
....###...##....##.)..##
####.#
...........#..###......##
###
.#.........##.###.......##
.##...##.....###..###....#
###


You could see Donald, an orc warrior and an orc.

Vanquished Creatures
  An orc warlord (D:11)
  A minotaur (Lab)
  A white draconian (IceCv)
  The ghost of 4thArraOfDagon the Cleaver, a journeyman GrBe of Trog (Lair:3)
  A yaktaur captain (D:13)
  8 hydras
  5 two-headed ogres
  A catoblepas (Lair:5)
  An ogre mage (Orc:1)
  A centaur warrior (D:14)
  The ghost of Ijustatesigmund the Fighter, a novice FoFi of the Shining One (D:9)
  A tengu warrior (D:14)
  An orc knight (Orc:1)
  5 ugly things
  A deep elf mage (D:14)
  A manticore (Lair:5)
  3 orc sorcerers (Orc:1)
  6 elephants
  A cyclops (D:13)
  2 centaur zombies
  An ice statue (IceCv)
  2 black mambas
  13 spiny frogs
  A gargoyle (D:10)
  6 rime drakes
  2 yaktaurs (D:13)
  6 komodo dragons
  3 centaur skeletons
  An efreet (D:14)
  A kobold demonologist (D:10)
  18 polar bears
  6 hornets
  14 blink frogs
  5 slime creatures (D:12)
  A wandering mushroom (Lair:2)
  20 hippogriffs
  A centaur simulacrum (D:12)
  A water elemental (D:13)
  12 spriggans
  3 wraiths
  A redback (shapeshifter) (D:14)
  Eustachio (D:5)
  34 yaks
  11 wyverns
  3 vampire mosquitoes (D:14)
  7 basilisks
  Menkaure (D:5)
  4 wargs (Orc:1)
  9 water moccasins
  3 acid dragons
  Duvessa (D:7)
  12 orc warriors
  9 porcupines
  3 ice beasts
  5 black bears (Lair:6)
  4 phantoms
  3 sky beasts
  An eye of draining (D:10)
  18 ogres
  A necrophage (D:13)
  4 boggarts (Lair:6)
  4 centaurs
  43 wolves
  12 crocodiles
  An elf zombie (D:13)
  13 bullfrogs
  A gnoll sergeant (D:10)
  14 big kobolds (D:10)
  An elf skeleton (D:13)
  2 wyvern zombies
  Dowan (D:7)
  4 scorpions
  A troll zombie (D:13)
  12 wights
  6 electric eels
  4 vampire bats
  9 howler monkeys
  8 crimson imps
  3 bullfrog zombies
  A human zombie (D:13)
  18 orc wizards
  4 hounds
  15 jellies
  Crazy Yiuf (D:5)
  6 orc priests
  2 bullfrog skeletons (D:12)
  Ijyb (D:3)
  An iguana (D:5)
  12 worker ants
  A killer bee zombie (D:9)
  3 hound zombies
  2 mummies (D:13)
  9 gnolls
  15 adders
  5 shadow imps
  12 white imps (D:14)
  19 oozes
  3 adder zombies
  6 worms
  2 dart slugs
  5 leopard geckos
  58 orcs
  3 bat skeletons (D:8)
  A bat zombie (D:8)
  6 giant cockroaches
  12 goblins
  7 hobgoblins
  16 jackals
  A quokka (D:6)
  15 bats
  6 frilled lizards
  A giant cockroach zombie (D:6)
  17 kobolds
  A leopard gecko skeleton (D:5)
  7 rats
728 creatures vanquished.

Vanquished Creatures (collateral kills)
  A crocodile (Lair:4)
1 creature vanquished.

Vanquished Creatures (others)
  Nessos (Orc:2)
  2 polar bears (IceCv)
  A hippogriff (Lair:5)
  A centaur (D:12)
  6 fungi
  2 plants (Lair:6)
13 creatures vanquished.

Grand Total: 742 creatures vanquished

Notes
Turn   | Place    | Note
-------+----------+-------------------------------------------
     0 | D:1      | Ijustatesigmund the Formicid Fighter began the quest for the Orb.
     0 | D:1      | Reached XP level 1. HP: 18/18 MP: 1/1
    67 | D:1      | Reached XP level 2. HP: 24/24 MP: 2/2
   357 | D:1      | Reached XP level 3. HP: 27/29 MP: 3/3
  1197 | D:2      | Reached XP level 4. HP: 35/35 MP: 4/4
  1303 | D:2      | You fall through a shaft!
  2059 | D:2      | Reached skill level 5 in Shields
  2059 | D:2      | Reached XP level 5. HP: 31/42 MP: 5/5
  2540 | D:3      | Found a sacrificial altar of Ru.
  2653 | D:3      | Reached XP level 6. HP: 40/49 MP: 4/6
  2928 | D:3      | Noticed Ijyb
  2959 | D:3      | Killed Ijyb
  3433 | D:4      | Noticed a phantom
  3460 | D:3      | Killed a phantom
  3837 | D:4      | Reached XP level 7. HP: 49/55 MP: 7/7
  3872 | D:4      | Reached skill level 5 in Fighting
  4296 | D:4      | Found a staircase to the Ecumenical Temple.
  4316 | Temple   | Entered the Ecumenical Temple
  4414 | Temple   | Became a worshipper of the Shining One
  4682 | D:4      | Reached skill level 1 in Invocations
  4801 | D:4      | Found a shadowy altar of Dithmenos.
  4814 | D:5      | Entered Level 5 of the Dungeon
  4821 | D:5      | Noticed Eustachio
  4827 | D:5      | Noticed Menkaure
  4829 | D:5      | Reached skill level 5 in Staves
  4837 | D:5      | Killed Menkaure
  4837 | D:5      | Reached XP level 8. HP: 51/63 MP: 6/9
  4852 | D:5      | Killed Eustachio
  4852 | D:5      | Reached skill level 2 in Invocations
  5089 | D:5      | Reached skill level 3 in Invocations
  5344 | D:5      | Reached skill level 5 in Armour
  5440 | D:5      | Reached XP level 9. HP: 42/71 MP: 7/11
  5912 | D:5      | Found a runed door.
  5916 | D:5      | Noticed Crazy Yiuf
  5922 | D:5      | Killed Crazy Yiuf
  5963 | D:6      | Found a shattered altar of Ashenzari.
  5986 | D:6      | Reached * piety under the Shining One
  5986 | D:6      | Noticed an oklob plant
  5991 | D:6      | Reached skill level 4 in Invocations
  6672 | D:6      | Reached skill level 5 in Invocations
  6751 | D:6      | Found a deep blue altar of Sif Muna.
  6935 | D:7      | Noticed Dowan
  6947 | D:7      | Killed Dowan
  7048 | D:7      | Noticed Duvessa
  7061 | D:7      | Killed Duvessa
  7067 | D:7      | Reached XP level 10. HP: 41/79 MP: 11/14
  7404 | D:7      | Found Alui's Assorted Antiques.
  7531 | D:7      | Reached ** piety under the Shining One
  7585 | D:7      | Reached skill level 6 in Invocations
  7611 | D:7      | You fall through a shaft for 3 floors!
  7611 | D:10     | Entered Level 10 of the Dungeon
  7702 | D:10     | Noticed a gargoyle
  7714 | D:10     | Killed a gargoyle
  7818 | D:9      | Noticed Ijustatesigmund's ghost (novice FoFi)
  7849 | D:8      | You fall through a shaft for 2 floors!
  8254 | D:8      | Found an ancient bone altar of Kikubaaqudgha.
  8261 | D:8      | Reached *** piety under the Shining One
  8563 | D:7      | Found a blossoming altar of Fedhas.
  8824 | D:8      | Noticed a two-headed ogre
  9137 | D:8      | Killed a two-headed ogre
  9137 | D:8      | Reached skill level 7 in Invocations
  9410 | D:8      | Found a stormy altar of Qazlal.
  9469 | D:8      | Reached skill level 10 in Staves
  9490 | D:8      | Reached XP level 11. HP: 74/87 MP: 14/16
  9631 | D:9      | Noticed an elephant
  9657 | D:9      | You fall through a shaft for 3 floors!
  9674 | D:13     | Noticed Sonja
  9680 | D:13     | Noticed Sonja
  9680 | D:13     | Sonja changed into Sonja the ogre
  9687 | D:13     | Killed Sonja the ogre
  9777 | D:13     | HP: 1/87 [yak (10)]
  9784 | D:13     | The Shining One protects you from harm!
  9790 | D:13     | Reached skill level 8 in Invocations
 10804 | D:9      | Killed Ijustatesigmund's ghost
 10950 | D:9      | You fall through a shaft for 3 floors!
 11192 | D:12     | Reached **** piety under the Shining One
 11198 | D:12     | Got a bloodstained leather armour
 11229 | D:12     | Noticed a two-headed ogre
 11248 | D:12     | Killed a two-headed ogre
 11248 | D:12     | Reached XP level 12. HP: 66/97 MP: 10/18
 11266 | D:12     | Noticed a seven-headed hydra
 11276 | D:12     | Killed a seven-headed hydra
 11276 | D:12     | Reached skill level 9 in Invocations
 11645 | D:11     | Noticed a two-headed ogre
 11661 | D:11     | Killed a two-headed ogre
 11661 | D:11     | Reached skill level 10 in Fighting
 12462 | D:9      | Upgraded the game from 0.22-a0-419-g492bfec to 0.22-a0-422-g9628fc8
 12484 | D:9      | Found a staircase to the Lair.
 12758 | D:9      | Identified the +2 leather armour "Warha" {+Fly Slay+2} (You found it on level 12 of the Dungeon)
 13421 | D:11     | You fall through a shaft for 3 floors!
 13632 | D:13     | Reached skill level 10 in Invocations
 13678 | D:14     | Noticed a centaur warrior
 13687 | D:14     | Killed a centaur warrior
 13890 | D:14     | Found a frozen archway.
 13895 | D:14     | Reached XP level 13. HP: 65/105 MP: 20/20
 13926 | IceCv    | Entered an ice cave
 14680 | IceCv    | Reached skill level 11 in Invocations
 15076 | IceCv    | Noticed a white draconian
 15102 | IceCv    | Killed a white draconian
 15259 | IceCv    | Got a clouded iron amulet
 15431 | D:14     | Identified the amulet "Vibokuv" {Acrobat rF+++ rC- rN+ MR+ Str+2} (You found it in an ice cave)
 15722 | D:13     | Found a gate to the Vaults.
 15732 | D:13     | Noticed a yaktaur captain
 15753 | D:13     | Killed a yaktaur captain
 15753 | D:13     | Reached skill level 10 in Armour
 15753 | D:13     | Reached skill level 1 in Dodging
 16063 | D:12     | Noticed a seven-headed hydra
 16075 | D:12     | Killed a seven-headed hydra
 16652 | D:11     | Found a staircase to the Orcish Mines.
 17186 | D:12     | Reached XP level 14. HP: 108/114 MP: 22/22
 17204 | D:12     | Reached ***** piety under the Shining One
 17217 | D:12     | Reached skill level 12 in Invocations
 17434 | D:13     | Found an ancient bone altar of Kikubaaqudgha.
 18176 | Lair:1   | Entered Level 1 of the Lair of Beasts
 19079 | Lair:2   | Found a staircase to the Swamp.
 19690 | Lair:2   | You fall through a shaft!
 19690 | Lair:3   | Noticed 4thArraOfDagon's ghost (journeyman GrBe)
 19693 | Lair:3   | You fall through a shaft for 2 floors!
 19696 | Lair:5   | You fall through a shaft!
 19696 | Lair:6   | Entered Level 6 of the Lair of Beasts
 20934 | Lair:4   | Reached skill level 5 in Dodging
 20934 | Lair:4   | Reached skill level 13 in Invocations
 21032 | Lair:4   | Found a labyrinth entrance.
 21040 | Lab      | Entered a labyrinth
 21382 | Lab      | Noticed a minotaur
 21392 | Lab      | Killed a minotaur
 21429 | Lab      | Got a scorched shortbow
 21430 | Lab      | Identified the +10 shortbow of Ybipo Rego {flame, rN+ Int+2 Dex+2} (You took it off a minotaur in a labyrinth)
 21762 | Lair:3   | Killed 4thArraOfDagon's ghost
 21979 | Lair:2   | Found a hole to the Spider Nest.
 22683 | Lair:2   | Reached XP level 15. HP: 102/122 MP: 25/25
 23540 | Lair:3   | Reached skill level 14 in Invocations
 24143 | Lair:5   | Reached skill level 1 in Throwing
 24180 | Lair:5   | Found a staircase to the Slime Pits.
 24478 | Lair:5   | Gained mutation: You are resistant to hostile enchantments. (MR+) [potion of mutation]
 24478 | Lair:5   | Gained mutation: Your mind is acute. (Int +2) [potion of mutation]
 24478 | Lair:5   | Gained mutation: You have large cloven feet. [potion of mutation]
 24478 | Lair:5   | Gained mutation: You evolve. [potion of mutation]
 25923 | Lair:6   | Reached skill level 5 in Throwing
 25929 | Lair:6   | Reached skill level 15 in Invocations
 26776 | Orc:1    | Entered Level 1 of the Orcish Mines
 26779 | Orc:1    | Noticed an orc warlord
 26830 | D:11     | Killed an orc warlord
 27392 | Orc:2    | Entered Level 2 of the Orcish Mines
 27392 | Orc:2    | Noticed Nessos
 27397 | Orc:2    | Killed Nessos
 27411 | Orc:2    | Noticed Donald
 27429 | Orc:2    | Found a roughly hewn altar of Beogh.
 27437 | Orc:1    | HP: 6/125 [Donald/double sword of protection (32)]
 27439 | Orc:1    | Slain by Donald

Vault maps used:
D:1:      minmay_arrival_five_plusses
D:2:      first_ration
D:3:      nicolae_ru_great_annihilating_truth, uniq_ijyb
D:4:      minmay_temple_entry_overgrown, grunt_dithmenos_shadows
D:5:      uniq_menkaure, uniq_eustachio, uniq_crazy_yiuf_cottage
D:6:      lemuel_slime, kennysheep_mini, lemuel_round_altar
D:7:      marbit_many_paths, serial_shops, shop, uniq_duvessa
D:8:      kennysheep_vampire_church, grunt_qazlal_sundering
D:9:      david_lair_generic
D:10:     the_bakery, small_statue_intersection
D:11:     orc_0_dummy
D:12:     minivault_19, hangedman_weighted_door
D:13:     david_vaults_2, hangedman_abyss_or_decor_lesser_grid, fountainhead,
          minmay_misc_feat_encased, lemuel_mausoleum_altar_kikubaaqudgha,
          uniq_sonja
D:14:     portal_ice_cave_entry_imps, minmay_misc_feat_roman
Temple:   minmay_temple_bridge_d
Lair:1:   infiniplex_staircase_pool_2, serial_bayou_shore_b,
          serial_bayou_shore_a, grunt_megastairs_5
Lair:2:   minmay_swamp_entry_eels, nicolae_spider_entry_non_spiders
Lair:4:   lab_entry_generic
Lair:5:   nicolae_slime_entry_slimehenge, special_room, grunt_megastairs_3
Lair:6:   minmay_lair_end_enchanted_forest, roderic_batcave, serial_bayou_ford_a
Orc:2:    grunt_orc_community_town_hall, grunt_orc_community_big_house_2,
          grunt_orc_community_big_house_2, grunt_orc_community_house_3,
          grunt_orc_community_house_1, grunt_orc_community_house_2,
          grunt_orc_community_house_2, grunt_orc_community_house_1,
          serial_shops, nicolae_shop_behind_doors, uniq_donald, uniq_erolcha,
          uniq_nessos
Lab:      nicolae_lab_dead_adventurers, nicolae_lab_grate_2, nicolae_lab_hexagon
IceCv:    ice_cave_caverns_03

Skill      XL: |  1  2  3  4  5  6  7  8  9 10 11 12 13 14 15 |
---------------+----------------------------------------------+-----
Shields        | 4 5 6 7 9 |  9.3
Staves         | 3 4 5 6 8 10 11 12 14 | 14.0
Fighting       | 4 5 6 7 8 9 10 11 12 13 | 13.9
Invocations    | 1 3 5 7 8 10 11 13 15 | 15.3
Armour         | 4 5 6 7 9 10 | 10.5
Dodging        | 2 5 |  5.1
Throwing       | 6 |  6.0

Action                   |  1- 3 |  4- 6 |  7- 9 | 10-12 | 13-15 || total
-------------------------+-------+-------+-------+-------+-------++-------
Melee: Quarterstaff      |   138 |   220 |   348 |   793 |  1566 ||  3065
Throw: Javelin           |       |       |       |       |     7 ||     7
Invok: Divine Shield     |       |       |       |    19 |    22 ||    41
       Cleansing Flame   |       |       |       |       |    14 ||    14
 Abil: Dig               |     1 |       |       |     7 |    24 ||    32
       Shaft Self        |       |     1 |       |     5 |     3 ||     9
       Stop Flying       |       |       |       |       |     1 ||     1
Evoke: Wand              |       |     3 |     5 |    31 |    17 ||    56
       Phantom mirror    |       |       |       |       |     1 ||     1
  Use: Scroll            |     5 |     5 |     7 |    10 |    10 ||    37
       Potion            |       |     2 |     2 |     8 |     6 ||    18
 Stab: Paralysed         |       |     1 |       |       |       ||     1
  Eat: Chunk             |     1 |     3 |     4 |    11 |    27 ||    46
       Ration            |       |     2 |     2 |     5 |     7 ||    16
Armor: Scale mail        |    68 |    95 |       |       |       ||   163
       Ring mail         |       |    10 |    63 |   181 |       ||   254
       Skin              |       |       |       |    18 |       ||    18
       Leather armour    |       |       |       |    21 |   220 ||   241
Dodge: Dodged            |    53 |    78 |    71 |   157 |   299 ||   658
Block: Shield            |    68 |   143 |   143 |   523 |  1165 ||  2042
       Reflection        |       |       |       |    12 |    17 ||    29

Table legend:
 A = Spawn XP
 B = Non-spawn XP
 C = Spawn XP percentage of total XP
 D = Spawn monster count
 E = Non-spawn monster count
 F = Spawn count percentage of total count
 G = Total turns spent on level
                    A         B        C        D         E        F      G
               +---------+---------+-------+---------+---------+-------+---------
         Total |       0 |  108293 |   0.0 |       0 |     732 |   0.0 | 27439
               +---------+---------+-------+---------+---------+-------+---------
           D:1 |       0 |      43 |   0.0 |       0 |      27 |   0.0 |   868
           D:2 |       0 |     133 |   0.0 |       0 |      36 |   0.0 |  1519
           D:3 |       0 |     300 |   0.0 |       0 |      27 |   0.0 |  1436
           D:4 |       0 |     335 |   0.0 |       0 |      20 |   0.0 |   819
           D:5 |       0 |    1341 |   0.0 |       0 |      19 |   0.0 |  1132
           D:6 |       0 |    1274 |   0.0 |       0 |      43 |   0.0 |   989
           D:7 |       0 |    1209 |   0.0 |       0 |      19 |   0.0 |   922
           D:8 |       0 |    2617 |   0.0 |       0 |      34 |   0.0 |  1369
           D:9 |       0 |    4263 |   0.0 |       0 |      29 |   0.0 |  1156
          D:10 |       0 |    4005 |   0.0 |       0 |      51 |   0.0 |  1559
          D:11 |       0 |    5450 |   0.0 |       0 |      19 |   0.0 |  1082
          D:12 |       0 |    6954 |   0.0 |       0 |      31 |   0.0 |  1349
          D:13 |       0 |    6932 |   0.0 |       0 |      45 |   0.0 |  1605
          D:14 |       0 |    5693 |   0.0 |       0 |      31 |   0.0 |   947
        Lair:1 |       0 |    3303 |   0.0 |       0 |      16 |   0.0 |   870
        Lair:2 |       0 |    9967 |   0.0 |       0 |      45 |   0.0 |  1792
        Lair:3 |       0 |    3782 |   0.0 |       0 |      13 |   0.0 |  1029
        Lair:4 |       0 |    2650 |   0.0 |       0 |       5 |   0.0 |   916
        Lair:5 |       0 |   14078 |   0.0 |       0 |      58 |   0.0 |  1842
        Lair:6 |       0 |   14089 |   0.0 |       0 |      68 |   0.0 |  1674
         Orc:1 |       0 |    6966 |   0.0 |       0 |      35 |   0.0 |   559
         Orc:2 |       0 |    1689 |   0.0 |       0 |      15 |   0.0 |    44
           Lab |       0 |     993 |   0.0 |       0 |       1 |   0.0 |   401
         IceCv |       0 |   10227 |   0.0 |       0 |      45 |   0.0 |  1388
               +---------+---------+-------+---------+---------+-------+---------
